 Dungeon Crawl Stone Soup version 0.29.0-4-gdea44cf6ec (webtiles) character file.

Game seed: 17796538217056390543

1551 qw the Cleaver (level 8, 0/71 HPs)
             Began as a Minotaur Fighter on Sept 5, 2022.
             Succumbed to a killer bee's poison
             ... on level 6 of the Dungeon.
             The game lasted 00:02:20 (6264 turns).

qw the Cleaver (Minotaur Fighter)                   Turns: 6264, Time: 00:02:20

Health: 0/71       AC: 12    Str: 28    XL:     8   Next: 57%
Magic:  7/7        EV:  8    Int:  5    God:
Gold:   371        SH:  4    Dex:  9    Spells: 7/7 levels left

rFire   . . .      SeeInvis .   k - +0 broad axe (freeze)
rCold   . . .      Faith    .   c - +0 buckler
rNeg    . . .      Spirit   .   n - +0 chain mail
rPois   +          Reflect  .   (helmet restricted)
rElec   .          Harm     .   (no cloak)
rCorr   .          Rampage  .   a - +2 pair of gloves of Vupt {rPois Str+4 Slay-6}
Will    ++...                   (no boots)
Stlth   ..........              (no amulet)
HPRegen 0.21/turn               e - ring of willpower
MPRegen 0.10/turn               g - ring of willpower

@: lethally poisoned (0 -> -1)
A: horns 2, retaliatory headbutt
a: no special abilities


You were on level 6 of the Dungeon.
You visited 1 branch of the dungeon, and saw 6 of its levels.

You collected 393 gold pieces.
You spent 22 gold pieces at shops.


Innate Abilities, Weirdness & Mutations

You have a pair of horns on your head.
You reflexively headbutt those who attack you in melee.


   Skills:
 - Level 6.5 Fighting
 + Level 11.1 Axes
 - Level 1.1 Throwing
 - Level 4.1 Armour
 - Level 2.2 Dodging
 - Level 4.0 Shields


You had 7 spell levels left.
You didn't know any spells.
Your spell library was empty.

Inventory:

Hand Weapons
 j - a +0 flail
 k - a +0 broad axe of freezing (weapon)
Missiles
 h - 6 boomerangs (quivered)
Armour
 a - the +2 pair of gloves of Vupt (worn) {rPois Str+4 Slay-6}
   (You acquired it on level 3 of the Dungeon)

   Str:       It affects your strength (+4).
   Slay:      It affects your accuracy & damage with ranged weapons and melee
   (-6).
   rPois:     It protects you from poison.
 c - a +0 buckler (worn)
 l - a +0 plate armour
 n - a +0 chain mail (worn)
Jewellery
 b - a ring of poison resistance
 e - a ring of willpower (left hand)
 g - a ring of willpower (right hand)
 i - a ring of fire
Scrolls
 f - 3 scrolls of identify
 m - a scroll of teleportation
 q - a scroll of brand weapon {unknown}
Potions
 d - a potion of might
 o - a potion of curing {unknown}
 p - a potion of lignification {unknown}
 r - a potion of invisibility {unknown}

Dungeon Overview and Level Annotations

Branches:
Dungeon (6/15)
 Temple: D:4-7

Altars:
Ashenzari
Trog
Vehumet
Zin

Shops:
D:1 =(*   D:3 (


Message History

You block the killer bee's attack. The killer bee barely misses you.
You hit the killer bee. You freeze the killer bee.
Your headbutt misses the killer bee.
The killer bee is moderately wounded.
The killer bee barely misses you. You block the killer bee's attack.
You closely miss the killer bee.
The killer bee is moderately wounded.
The killer bee misses you. The killer bee stings you.
The killer bee stings you but does no damage.
You miss the killer bee. Your headbutt misses the killer bee.
The killer bee is moderately wounded.
The killer bee stings you.
You are poisoned.
The killer bee poisons you! The killer bee stings you.
6258 ||| READING 2 scrolls of teleportation.
As you read the scroll of teleportation, it crumbles to dust.
You feel strangely unstable.
You feel sick. The killer bee stings you! The killer bee completely misses you.
You miss the killer bee. Your headbutt misses the killer bee.
The killer bee is moderately wounded.
You feel sick.
The killer bee stings you but does no damage.
The killer bee closely misses you.
You hit the killer bee. You freeze the killer bee.
Your headbutt misses the killer bee.
The killer bee is severely wounded.
You feel sick.
The killer bee stings you but does no damage. x2
You closely miss the killer bee.
The killer bee is severely wounded.
You feel sick.
The killer bee stings you but does no damage. x2
You barely miss the killer bee.
The killer bee is severely wounded.
Your surroundings suddenly seem different.
You feel sick.
There is a lethal amount of poison in your body!
You feel sick.
There is a lethal amount of poison in your body!
You die...

#####
#..[############
#..............#
#...########...#
##......<......#
#..########...#
#..# ##..# #..#
#..################
#..#
#.@#...............
#..#
#..#.##########....
#..#
#.........)......?.
#..#
#.###.#####.#######
#[.# #.# #.# #.# #
#..# #.# #.# #.# #
#..# #.# #.# #.# #
#.## #.# #.# #.# #
##.# #.# #.# #.# #


There were no monsters in sight!

Vanquished Creatures
  Grinder (D:6)
  Sigmund (D:2)
  An orc warrior (D:6)
  A sky beast (D:6)
  An ogre (D:6)
  A kobold brigand (D:6)
  4 scorpions
  2 killer bees (D:6)
  2 hounds
  2 orc priests
  6 iguanas
  3 orc wizards
  4 adders
  3 white imps
  2 worms
  2 dart slugs
  14 orcs
  6 bats
  4 endoplasms
  5 giant cockroaches
  8 goblins
  14 hobgoblins
  3 jackals (D:1)
  6 quokkas
  8 ball pythons
  3 frilled lizards
  10 kobolds
  5 rats
122 creatures vanquished.

Notes
Turn   | Place    | Note
-------+----------+-------------------------------------------
     0 | D:1      | qw the Minotaur Fighter began the quest for the Orb.
     0 | D:1      | Reached XP level 1. HP: 19/19 MP: 0/0
     0 | D:1      | 0 ||| qw: Version: 0.1-a-104-g96f76f8
     0 | D:1      | 0 ||| qw: Game counter: 5835
     0 | D:1      | 0 ||| qw: Always use a shield: true
     0 | D:1      | 0 ||| qw: God list: Ru
     0 | D:1      | 0 ||| qw: Allow faded altars: false
     0 | D:1      | 0 ||| qw: Do Orc after D:15 true
     0 | D:1      | 0 ||| qw: Do second Lair branch before Depths: true
     0 | D:1      | 0 ||| qw: Lair rune preference: random
     0 | D:1      | 0 ||| qw: Plans: Normal
     0 | D:1      | 0 ||| PLANNING D:1-11
    41 | D:1      | Reached skill level 3 in Axes
    44 | D:1      | Reached XP level 2. HP: 26/26 MP: 1/1
   182 | D:1      | Reached skill level 4 in Axes
   276 | D:1      | Found Tuigy's Antique Weapon Emporium.
   314 | D:1      | 314 ||| BUYING club (22 gold).
   314 | D:1      | Bought a club for 22 gold pieces
   314 | D:1      | 314 ||| SHOPLISTING runed broad axe (154 gold, have 12).
   314 | D:1      | 314 ||| SHOPLISTING runed morningstar (154 gold, have 12).
   361 | D:1      | Found Ziysosh's Jewellery Shop.
   370 | D:1      | 370 ||| SHOPLISTING +4 ring of protection (468 gold, have
                  | 28).
   370 | D:1      | 370 ||| SHOPLISTING +6 ring of dexterity (468 gold, have
                  | 28).
   370 | D:1      | 370 ||| SHOPLISTING +6 ring of strength (468 gold, have
                  | 28).
   370 | D:1      | 370 ||| SHOPLISTING amulet of guardian spirit (390 gold,
                  | have 28).
   370 | D:1      | 370 ||| SHOPLISTING ring "Coypunliupn" {rF+ rC- rCorr MP+9
                  | SInv} (698 gold, have 28).
   370 | D:1      | 370 ||| SHOPLISTING ring of positive energy (260 gold, have
                  | 28).
   482 | D:1      | Reached XP level 3. HP: 31/31 MP: 2/2
   594 | D:1      | Found Decolipt's General Store.
   711 | D:1      | 711 ||| DROPPING +0 club.
   807 | D:1      | 807 ||| READING scroll labelled DEDIGAOSAI.
   808 | D:1      | 808 ||| READING scroll labelled IKKENU ROTIA.
   813 | D:1      | 813 ||| READING scroll labelled LYTEUD TYLAIHO.
   814 | D:1      | 814 ||| Stepping randomly (stuck).
   815 | D:1      | 815 ||| Stepping ~*~*~tactically~*~*~ (cloud).
   822 | D:1      | HP: 7/31 [poisoned by you (poison gas)]
  1084 | D:2      | Noticed Sigmund
  1091 | D:2      | HP: 7/31 [dart slug/slug dart (5)]
  1095 | D:2      | Killed Sigmund
  1096 | D:2      | Reached skill level 7 in Axes
  1096 | D:2      | Reached XP level 4. HP: 9/39 MP: 3/3
  1096 | D:2      | Reached XP level 5. HP: 11/45 MP: 4/4
  1502 | D:2      | Reached skill level 1 in Dodging
  1573 | D:2      | 1573 ||| Stepping ~*~*~tactically~*~*~ (stealth).
  1719 | D:2      | 1719 ||| UPGRADING to ring of willpower.
  1720 | D:2      | 1720 ||| READING 2 scrolls labelled TESMAL PEWE.
  1721 | D:2      | 1721 ||| READING scroll labelled ZEBEKL GIABAFE.
  1722 | D:2      | 1722 ||| READING scroll labelled MAELIMA HA CEIXT.
  1723 | D:2      | 1723 ||| DROPPING scroll of magic mapping.
  2171 | D:3      | Found Hiyne's Weapon Emporium.
  2176 | D:3      | 2176 ||| SHOPLISTING +2 war axe of electrocution (269 gold,
                  | have 71).
  2176 | D:3      | 2176 ||| SHOPLISTING +3 demon whip of electrocution (708
                  | gold, have 71).
  2183 | D:3      | Found a faded altar of an unknown god.
  2202 | D:3      | Found a faded altar of an unknown god.
  2599 | D:3      | 2599 ||| UPGRADING to ring of willpower.
  2600 | D:3      | 2600 ||| READING scroll labelled POLOBOOR ITWOFYSY.
  2601 | D:3      | 2601 ||| READING scroll labelled WAATOVODIE.
  2602 | D:3      | 2602 ||| READING scroll labelled GEGAAQO DEOT.
  2602 | D:3      | Identified a scroll of acquirement
  2602 | D:3      | 2602 ||| ACQUIRING +2 pair of gloves of Vupt {rPois Str+4
                  | Slay-6}
  2602 | D:3      | Acquired the +2 pair of gloves of Vupt {rPois Str+4 Slay-6}
  2604 | D:3      | 2604 ||| UPGRADING to +2 pair of gloves of Vupt {rPois
                  | Str+4 Slay-6}.
  2609 | D:3      | 2609 ||| DRINKING 2 lumpy grey potions.
  2610 | D:3      | 2610 ||| READING 2 scrolls of identify.
  2610 | D:3      | 2610 ||| IDENTIFYING grey potion
  2611 | D:3      | 2611 ||| DROPPING potion of flight.
  2629 | D:4      | 2629 ||| Stepping ~*~*~tactically~*~*~ (stealth).
  2749 | D:4      | 2749 ||| DROPPING +0 whip.
  2766 | D:4      | Reached XP level 6. HP: 52/52 MP: 5/5
  2844 | D:4      | 2844 ||| Stepping ~*~*~tactically~*~*~ (stealth).
  2951 | D:4      | 2951 ||| READING scroll of acquirement.
  2951 | D:4      | 2951 ||| ACQUIRING +0 broad axe of freezing
  2951 | D:4      | Acquired a +0 broad axe of freezing
  2953 | D:4      | 2953 ||| SWAPPING to +0 broad axe of freezing.
  2954 | D:4      | 2954 ||| DROPPING +0 war axe.
  2967 | D:4      | 2967 ||| Stepping ~*~*~tactically~*~*~ (stealth).
  3016 | D:4      | Reached skill level 8 in Axes
  3022 | D:4      | 3022 ||| Stepping ~*~*~tactically~*~*~ (stealth).
  3188 | D:4      | Found a glowing silver altar of Zin.
  3259 | D:4      | 3259 ||| Stepping ~*~*~tactically~*~*~ (stealth).
  3261 | D:4      | 3261 ||| Stepping ~*~*~tactically~*~*~ (hiding).
  3300 | D:4      | Found a broken altar of Ashenzari.
  3503 | D:4      | 3503 ||| Stepping ~*~*~tactically~*~*~ (hiding).
  3504 | D:4      | 3504 ||| Stepping ~*~*~tactically~*~*~ (hiding).
  3505 | D:4      | 3505 ||| Stepping ~*~*~tactically~*~*~ (hiding).
  3506 | D:4      | 3506 ||| Stepping ~*~*~tactically~*~*~ (hiding).
  3507 | D:4      | 3507 ||| Stepping ~*~*~tactically~*~*~ (hiding).
  3508 | D:4      | 3508 ||| Stepping ~*~*~tactically~*~*~ (hiding).
  3511 | D:4      | 3511 ||| Stepping ~*~*~tactically~*~*~ (hiding).
  3548 | D:4      | 3548 ||| Stepping ~*~*~tactically~*~*~ (stealth).
  3550 | D:4      | 3550 ||| Stepping ~*~*~tactically~*~*~ (stealth).
  3556 | D:4      | 3556 ||| Stepping ~*~*~tactically~*~*~ (stealth).
  3560 | D:4      | 3560 ||| Stepping ~*~*~tactically~*~*~ (stealth).
  3563 | D:4      | 3563 ||| Stepping ~*~*~tactically~*~*~ (stealth).
  3693 | D:4      | Reached XP level 7. HP: 58/59 MP: 6/6
  3711 | D:4      | 3711 ||| UPGRADING to +0 chain mail.
  3721 | D:4      | 3721 ||| DROPPING +0 scale mail.
  3770 | D:5      | Entered Level 5 of the Dungeon
  3796 | D:5      | Reached skill level 9 in Axes
  3994 | D:5      | Found a radiant altar of Vehumet.
  4361 | D:6      | HP: 5/60 [ogre/+0 giant club (26)]
  4362 | D:6      | 4362 ||| READING 3 scrolls of teleportation.
  4363 | D:6      | 4363 ||| DRINKING potion of heal wounds.
  4546 | D:6      | 4546 ||| Stepping ~*~*~tactically~*~*~ (hiding).
  4952 | D:6      | Noticed Grinder
  4961 | D:6      | Killed Grinder
  4962 | D:6      | Reached skill level 10 in Axes
  4962 | D:6      | Reached XP level 8. HP: 69/69 MP: 7/7
  5011 | D:6      | Reached skill level 1 in Throwing
  5105 | D:6      | HP: 9/70 [something/puff of flame (9)]
  5112 | D:6      | HP: 7/70 [something (1)]
  5115 | D:6      | HP: 1/70 [something/puff of flame (7)]
  5117 | D:6      | 5117 ||| READING 3 scrolls of teleportation.
  5577 | D:6      | 5577 ||| Stepping ~*~*~tactically~*~*~ (hiding).
  5578 | D:6      | 5578 ||| Stepping ~*~*~tactically~*~*~ (hiding).
  5806 | D:6      | Found a bloodstained altar of Trog.
  5815 | D:6      | Reached skill level 6 in Fighting
  5915 | D:6      | Reached skill level 11 in Axes
  6213 | D:6      | 6213 ||| Stepping ~*~*~tactically~*~*~ (stealth).
  6257 | D:6      | HP: 14/71 [killer bee (6)]
  6258 | D:6      | 6258 ||| READING 2 scrolls of teleportation.
  6258 | D:6      | HP: 6/71 [killer bee (7)]
  6261 | D:6      | HP: 2/71 [poisoned by a killer bee]
  6264 | D:6      | Succumbed to a killer bee's poison

Levels and vault maps discovered:
D:1:      lightli_arrival_farm, layout_loops_ring, serial_shops, shop_statue,
          shop, nicolae_shop_crystal
D:2:      layout_basic, chequers_serial_rivers_micro_a,
          nicolae_elevator_lobby_asterisk, uniq_sigmund
D:3:      layout_loops_cross, serial_shops, shop,
          hellmonk_ecumenical_altar_the_god_not_taken
D:4:      minmay_razor_zed, layout_basic, zin_academy,
          mainiacjoe_overflow_boulevard
D:5:      layout_rooms, lemuel_crystal_altar
D:6:      layout_loops_ring, trog_butcher_becter, uniq_grinder

Skill      XL: |  1  2  3  4  5  6  7  8 |
---------------+-------------------------+-----
Axes           | 3 4 7 8 10 11 | 11.1
Dodging        | 1 2 |  2.2
Fighting       | 4 5 6 |  6.5
Throwing       | 1 |  1.1
Armour         | 4 |  4.1
Shields        | 4 |  4.0

Action                   |  1- 3 |  4- 6 |  7- 9 || total
-------------------------+-------+-------+-------++-------
Melee: War axe           |    45 |    95 |       ||   140
       Headbutt          |     7 |    17 |    13 ||    37
       Broad axe         |       |    56 |   230 ||   286
Throw: Boomerang         |     8 |    50 |    28 ||    86
  Use: Scroll            |     3 |     8 |     3 ||    14
       Potion            |       |     1 |     1 ||     2
Armor: Scale mail        |    32 |    55 |       ||    87
       Chain mail        |       |       |   145 ||   145
Dodge: Dodged            |    28 |    59 |    81 ||   168
Block: Buckler           |    10 |    24 |    39 ||    73

Table legend:
 A = Non-vault XP
 B = Vault XP
 C = Vault XP percentage of total XP
 D = Non-vault monster count
 E = Vault monster count
 F = Vault count percentage of total count
                 A         B        C        D         E       F
            +---------+---------+-------+---------+---------+-------
      Total |    1180 |    1037 |  46.8 |     101 |      21 |  17.2
            +---------+---------+-------+---------+---------+-------
        D:1 |      50 |       0 |   0.0 |      28 |       0 |   0.0
        D:2 |      45 |     223 |  83.2 |      16 |       1 |   5.9
        D:3 |      37 |       0 |   0.0 |      13 |       0 |   0.0
        D:4 |     188 |     192 |  50.5 |      17 |      15 |  46.9
        D:5 |     143 |       0 |   0.0 |       5 |       0 |   0.0
        D:6 |     717 |     622 |  46.5 |      22 |       5 |  18.5
            +---------+---------+-------+---------+---------+-------
